Unix NetHack Version 3.7.0-97 Work-in-progress - last build Jan 28 2024 04:41:54 (eae211b052f4c4d875b52ed558e44d2f93f0896c,branch:master). Game began 2024-01-27 17:30:19, ended 2024-01-28 08:18:49. elenmirie, lawful female human Knight --------- ------------- ----- |.......| |............# ####%..).| |.......| |..[........|# |...| ------------- -------- |>......| |...........|# #-...| |............####(# |..e.... #|.......| |...........|# #----- |...........| |..u.q@| #........| -.-.---------# # # |...-----...-(## |......| #|........##### #### # ### |...|.......| |......| ##--------- # ## ## # # |...|...|...| ##........######## # # # # |...|...|...|####### ---.---- %#### # ### # # |...-----...-# # # # # ### ######## # |....<......| # # ##### #-.---------|- # --.--# |...........+ ###### # #|..........+| ####-...|# ------------- ######## ####.....[..(...| |....# # |%%.........| |...| 0############### |...........| ----- ##............| ------------- Elenmirie the Esquire St:15 Dx:9 Co:14 In:8 Wi:15 Ch:17 Lawful Dlvl:6 $:26 HP:0(49) Pw:40(40) AC:3 Xp:5/188 T:4137 Burdened Latest messages: What do you want to use or apply? [kr-x or ?*] Never mind. You hit the rothe. The rothe hits! The rothe bites! The rothe misses! The rothe hits! The rothe bites! The rothe bites again! You hit the rothe. The rothe hits! The rothe misses! The rothe misses! You hit the rothe. The rothe hits! The rothe bites! The rothe misses! You miss the rothe. The rothe hits! The rothe bites! The rothe misses! The rothe misses! The rothe misses! The rothe bites! You hit the rothe. The rothe hits! The rothe misses! The rothe misses! You miss the rothe. You hit the rothe. The rothe hits! The rothe bites! The rothe bites again! The rothe hits! The rothe misses! The rothe misses! You miss the rothe. The rothe hits! The rothe bites! The rothe bites again! You miss the rothe. The rothe hits! The rothe bites! The rothe bites again! You die... Do you want your possessions identified? [ynq] (y) y Do you want to see your attributes? [ynq] (y) y Do you want an account of creatures vanquished? [ynaq] (y) y Do you want to see your conduct and achievements? [ynq] (y) y Do you want to see the dungeon overview? [ynq] (y) y Inventory: Coins $ - 26 gold pieces Armor d - an uncursed +0 helmet (being worn) f - an uncursed +0 pair of leather gloves (being worn) e - an uncursed +0 small shield (being worn) c - an uncursed +1 ring mail (being worn) Comestibles g - 7 uncursed apples h - 11 uncursed carrots p - 3 uncursed food rations n - 2 cursed sprigs of wolfsbane Wands r - an uncursed wand of opening (0:6) s - an uncursed wand of polymorph (0:3) Tools w - an uncursed oilskin sack containing 12 items k - an uncursed +0 pick-axe t - an uncursed skeleton key v - an uncursed tinning kit (0:63) x - an uncursed towel Gems/Stones u - an uncursed luckstone Contents of the oilskin sack: 125 gold pieces an uncursed scroll of confuse monster a blessed scroll of enchant armor an uncursed scroll of enchant weapon a blessed scroll of identify an uncursed scroll of identify a blessed potion of healing 2 uncursed potions of healing a cursed potion of healing an uncursed potion of restore ability an uncursed potion of speed a cursed potion of speed Elenmirie the Knight's attributes: Background: You were an Esquire, a level 5 female human Knight. You were lawful, nominally on a mission for Lugh who was opposed by Brigit (neutral) and Manannan Mac Lir (chaotic). You were right-handed. You were in the Dungeons of Doom, on level 6. You entered the dungeon 4137 turns ago. You had 188 experience points, 132 more were needed to attain level 6. Basics: You had 0 out of 49 hit points. You had all 40 energy points (spell power). Your armor class was 3. Your wallet contained 26 zorkmids, and you had 125 more stashed away in your pack. Autopickup was on for '$' plus thrown. Final Characteristics: Your strength was 15 (limit:18/100). Your dexterity was 9 (limit:18). Your constitution was 14 (limit:18). Your intelligence was 8 (limit:18). Your wisdom was 15 (limit:18). Your charisma was 17 (limit:18). Final Status: You weren't hungry. You were burdened; movement was slightly slowed. You were empty handed. You were unskilled in bare handed combat. Final Attributes: You were piously aligned. You could jump. You were warded. You were lucky. You had extra luck. Bad luck did not time out for you. Good luck did not time out for you. You are dead. Miscellaneous: You never encountered a bones level. Total elapsed playing time was 33 minutes and 41 seconds. Major events: Turn 1: elenmirie the lawful female human Knight entered the dungeon 606: entered the Gnomish Mines 1459: attained the rank of Esquire (level 3) 4137: killed by a rothe Vanquished creatures: a dog a bugbear a pony 2 yellow lights a shrieker 2 violet fungi a gnome leader a gnomish wizard a giant ant a little dog a floating eye a kitten a dwarf a rothe 3 dwarf zombies 2 iguanas an acid blob 2 coyotes a gas spore a hobbit 2 large kobolds 2 giant rats a cave spider a yellow mold a gnome a gnome zombie 3 geckos 15 jackals a fox 6 kobolds 3 goblins a sewer rat 6 grid bugs 4 lichens 4 newts 77 creatures vanquished. No species were genocided or became extinct. Voluntary challenges: You were an atheist. You read items or engraved 1 time. You never engraved Elbereth. You never genocided any monsters. You never polymorphed an object. You never changed form. You used no wishes. Achievements: You entered the Gnomish Mines. You entered a shop. You attained the rank of Esquire. The Dungeons of Doom: levels 1 to 6 Level 1: A fountain. Level 2: A fountain. Stairs down to The Gnomish Mines. Level 3: A grave. Level 4: Many fountains. Level 5: Level 6: <- You were here. Final resting place for you, killed by a rothe. The Gnomish Mines: Level 3: Game over: ---------- / \ / REST \ / IN \ / PEACE \ / \ | elenmirie | | 151 Au | | killed by a | | rothe | | | | | | 2024 | *| * * * | * _________)/\\_//(\/(/\)/\//\/|_)_______ Fare thee well elenmirie the Knight... You died in The Dungeons of Doom on dungeon level 6 with 1138 points, and 151 pieces of gold, after 4137 moves. You were level 5 with a maximum of 49 hit points when you died.